 Dungeon Crawl Stone Soup version 0.21.1 (webtiles) character file.

35 Mgcat the Vexing (level 3, -2/22 HPs)
             Began as a Gargoyle Arcane Marksman on Feb 4, 2018.
             Slain by a worm (6 damage)
             ... on level 2 of the Dungeon.
             The game lasted 00:02:44 (1519 turns).

Mgcat the Vexing (Gargoyle Arcane Marksman)         Turns: 1519, Time: 00:02:44

Health: -2/22      AC:  7    Str: 13    XL:     3   Next: 35%
Magic:  4/4        EV: 11    Int: 13    God:
Gold:   76         SH:  0    Dex: 11    Spells: 3/4 levels left

rFire    . . .     SeeInvis .   m - +0 dagger
rCold    . . .     Gourm    .   (no shield)
rNeg     + . .     Faith    .   i - +1 leather armour
rPois    ∞         Spirit   .   (no helmet)
rElec    +         Reflect  .   (no cloak)
rCorr    .         Harm     .   (no gloves)
MR       .....     Rnd*Tele +   (no boots)
Stlth    +.........             (no amulet)
HPRegen  0.07/turn              p - ring of teleportation (curse)
MPRegen  0.09/turn              (no ring)

@: no status effects
A: negative energy resistance 1, electricity resistance, unbreathing,
petrification resistance, rot immunity, AC +3
a: no special abilities


You were on level 2 of the Dungeon.
You were not hungry.

You visited 1 branch of the dungeon, and saw 2 of its levels.

You collected 76 gold pieces.

Inventory:

Hand Weapons
 a - a +0 shortbow
 b - a +0 club
 m - a +0 dagger (weapon)
Missiles
 d - 50 arrows
Armour
 e - a +0 robe
 i - a +1 leather armour (worn)
Jewellery
 p - a cursed ring of teleportation (left hand)
Potions
 g - a potion of degeneration {unknown}
 k - 2 potions of brilliance {unknown}
 l - 2 potions of curing {unknown}
 q - a potion of heal wounds {unknown}
Books
 c - a book of Debilitation

   Spells                             Type                      Level
   a - Corona                         Hexes                        1
   b - Slow                           Hexes                        2
   c - Inner Flame                    Hexes/Fire                   3
   d - Portal Projectile              Hexes/Translocation          3
   e - Cause Fear                     Hexes                        4
   f - Leda's Liquefaction            Hexes/Earth                  4
Comestibles
 f - 3 rations
 h - a chunk of flesh


   Skills:
 + Level 2.5 Fighting
 + Level 1.8 Maces & Flails
 - Level 2.0 Bows
 - Level 1.5 Dodging
 - Level 1.0 Spellcasting
 - Level 2.7 Hexes


You had 3 spell levels left.
You knew the following spells:

 Your Spells              Type           Power        Failure   Level  Hunger
a - Corona                Hex            #......      12%         1    ##.....


Dungeon Overview and Level Annotations

Branches:
Dungeon (2/15)

Altars:


Innate Abilities, Weirdness & Mutations

You are resistant to torment.
Your stone body is resilient. (AC +3)
You are immune to poison.
You resist negative energy. (rN+)
You are resistant to electric shocks. (rElec)
You can survive without breathing.
You are immune to petrification.
You are immune to rotting.


Message History

The worm bites you!
You are too injured to fight recklessly!
You are too injured to fight recklessly!
You are too injured to fight recklessly!
You hit the worm but do no damage.
The worm is almost dead.
The worm bites you but does no damage.
You hit the worm but do no damage.
The worm is severely wounded.
You hit the worm but do no damage.
The worm is severely wounded.
The worm bites you.
* * * LOW HITPOINT WARNING * * *
You completely miss the worm.
The worm is severely wounded.
Unknown command.
You hit the worm.
The worm is severely wounded.
The worm bites you.
You die...

#. .. .#
.. ....
.#. .. #.
#.###.###!
#.@.......
#.#w....##
#. .....#
.. .....#
### .....#
######


You could see a worm.

Vanquished Creatures
  3 dart slugs (D:1)
  3 leopard geckos (D:1)
  2 bats (D:1)
  2 giant cockroaches (D:1)
  3 goblins (D:1)
  2 hobgoblins (D:1)
  2 jackals (D:1)
  2 kobolds (D:1)
  A ball python (D:1)
  A frilled lizard (D:1)
  4 rats (D:1)
25 creatures vanquished.

Notes
Turn   | Place    | Note
-------+----------+-------------------------------------------
     0 | D:1      | Mgcat the Gargoyle Arcane Marksman began the quest for the Orb.
     0 | D:1      | Reached XP level 1. HP: 12/12 MP: 2/2
   183 | D:1      | Reached XP level 2. HP: 12/17 MP: 3/3
   309 | D:1      | Reached skill level 1 in Maces & Flails
   809 | D:1      | Reached XP level 3. HP: 19/21 MP: 4/4
  1519 | D:2      | Slain by a worm

Skill      XL: |  1  2 |
---------------+-------+-----
Maces & Flails | 1 |  1.8
Fighting       | 2 |  2.5
Bows           | |  2.0
Dodging        | |  1.5
Spellcasting   | |  1.0
Hexes          | |  2.7

Action                   || total
-------------------------++-------
Melee: Club              ||    42
       Dagger            ||    87
 Fire: Shortbow          ||     3
  Use: Scroll            ||     3
 Stab: Distracted        ||     1
       Sleeping          ||     1
  Eat: Chunk             ||     2
Armor: Leather armour    ||    68
       Robe              ||     3
Dodge: Dodged            ||   104
